Map: Orbital Shipyard

Players

LindyHop - Winner!

  • Race: Zerg Zerg
  • League: Platinum

TCLegacy

  • Race: Protoss Protoss
  • League: Gold

VOD

Have the link to the VOD?

Description

Time

  • Played on: Dec. 16, 2015, 6:45 p.m.
  • Length: 13:35
Show
View Real Time Build Order
Export as new Build Order

LindyHop Zerg - Winner!

Build Orders: Hatch First 

Get SALT Encoding   

  12  0:01  Drone  
  13  0:12  Overlord  
  13  0:17  Drone  
  14  0:30  Drone x2  
  14  0:34  Drone  
  17  0:54  Hatchery  
  16  0:58  Drone  
  16  1:01  Drone  
  18  1:05  Extractor  
  18  1:06  Drone  
  18  1:21  Spawning Pool  
  18  1:23  Drone  
  18  1:28  Drone  
  19  1:48  Overlord  
  19  1:49  Drone  
  20  2:04  Drone  
  20  2:08  Metabolic Boost  
  21  2:09  Queen  
  21  2:12  Queen  
  25  2:20  Drone x2  
  27  2:25  Zergling x2  
  27  2:26  Zergling x2  
  29  2:34  Drone x2  
  31  2:48  Drone x2  
  33  2:55  Drone x2  
  35  3:01  Baneling Nest  
  34  3:11  Drone x3  
  36  3:16  Overlord  
  36  3:24  Roach Warren  
  36  3:25  Drone  
  36  3:28  Overlord x2  
  36  3:46  Drone x6  
  42  3:48  Zergling x6  
  45  3:57  Drone  
  45  4:06  Zergling x2  
  45  4:07  Zergling x4  
  48  4:11  Baneling x3  
  48  4:19  Extractor  
  48  4:21  Extractor  
  46  4:26  Hatchery  
  46  4:30  Zergling x20  
  55  4:34  Baneling  
  55  4:35  Baneling  
  53  4:51  Zergling x6  
  54  4:54  Zergling x4  
  54  4:55  Zergling x2  
  57  5:07  Baneling  
  57  5:08  Baneling x2  
  57  5:09  Zergling x6  
  52  5:37  Drone x5  
  52  5:41  Drone x7  
  56  5:53  Drone x2  
  56  5:55  Baneling x4  
  56  5:56  Baneling x2  
  54  6:07  Lair  
  54  6:11  Extractor  
  54  6:15  Drone x4  
  54  6:16  Drone x3  
  60  6:23  Zergling x2  
  58  6:26  Extractor  
  58  6:27  Roach x2  
  58  6:28  Queen  
  58  6:32  Roach  
  65  6:35  Overlord x2  
  65  6:39  Overlord  
  65  6:40  Overlord x3  
  65  6:53  Roach x3  
  65  6:54  Roach  
  73  7:06  Roach x4  
  73  7:07  Roach x2  
  84  7:17  Spire  
  84  7:18  Roach x4  
  91  7:25  Drone x2  
  91  7:26  Extractor  
  91  7:28  Spine Crawler  
  87  7:49  Queen  
  89  8:05  Zergling x2  
  89  8:06  Zergling x2  
  91  8:28  Mutalisk x9  
  91  8:29  Mutalisk x2  
  113  8:37  Overlord  
  113  8:38  Overlord x5  
  113  8:39  Overseer  
  113  8:41  Overseer  
  113  8:44  Hatchery, Zerg Flyer Weapons Level 1  
  112  8:56  Hatchery  
  112  8:59  Zergling x2  
  112  9:00  Zergling x16  
  112  9:01  Zergling x2  
  121  9:14  Mutalisk x5  
  121  9:15  Mutalisk  
  133  9:27  Mutalisk  
  133  9:29  Zergling x8  
  139  9:34  Evolution Chamber x2  
  137  9:53  Roach x3  
  137  9:54  Roach x2  
  147  10:00  Zergling x6  
  147  10:01  Zergling x8  
  147  10:02  Zerg Missile Weapons Level 1, Zerg Ground Armor Level 1  
  154  10:27  Mutalisk x4  
  162  10:29  Zergling x2  
  163  10:47  Drone  
  163  10:48  Drone x7  
  163  10:49  Drone x2  
  173  10:50  Drone  
  173  10:51  Overlord x2  
  173  10:52  Overlord x3, Extractor  
  173  10:57  Extractor  
  173  11:02  Zergling x4  
  173  11:03  Overlord  
  173  11:04  Overlord x2, Extractor  
  174  11:10  Zerg Flyer Armor Level 1, Extractor  
  172  11:34  Mutalisk  
  172  11:37  Roach x6  
  172  11:38  Roach x7  
  200  11:52  Infestation Pit  
  195  12:24  Infestation Pit  
  195  12:48  Overseer  
  195  12:50  Overseer  
  195  12:51  Overseer  
  195  12:55  Corruptor x2  
Show
View Real Time Build Order
Export as new Build Order

TCLegacy Protoss 

Build Orders: 1 Gate Expand 

Get SALT Encoding   

  12  0:01  Probe (Chrono Boost)  
  13  0:12  Probe (Chrono Boost)  
  14  0:20  Pylon  
  14  0:26  Probe (Chrono Boost)  
  15  0:38  Probe (Chrono Boost)  
  16  0:43  Gateway  
  16  0:49  Probe (Chrono Boost)  
  17  0:59  Probe (Chrono Boost)  
  17  1:02  Assimilator  
  18  1:10  Probe (Chrono Boost)  
  19  1:20  Probe (Chrono Boost)  
  20  1:28  Nexus  
  20  1:39  Probe (Chrono Boost)  
  21  1:43  Cybernetics Core  
  21  1:51  Pylon  
  21  2:15  Probe (Chrono Boost)  
  22  2:19  Warp Gate  
  22  2:25  Probe (Chrono Boost)  
  22  2:27  Twilight Council  
  23  2:36  Assimilator  
  23  2:42  Zealot (Chrono Boost)  
  23  2:43  Probe  
  25  2:50  Probe, Assimilator  
  27  2:53  Probe  
  28  3:02  Mothership Core  
  30  3:21  Probe (Chrono Boost)  
  30  3:23  Probe (Chrono Boost)  
  32  3:33  Probe (Chrono Boost)  
  33  3:35  Probe (Chrono Boost)  
  33  3:43  Probe (Chrono Boost)  
  33  3:45  Probe (Chrono Boost)  
  35  3:54  Probe (Chrono Boost)  
  36  4:00  Probe (Chrono Boost)  
  37  4:03  Probe (Chrono Boost)  
  37  4:04  Pylon  
  37  4:07  Pylon, Blink (Chrono Boost)  
  38  4:12  Pylon  
  38  4:14  Pylon  
  38  4:26  Gateway  
  38  4:27  Gateway  
  38  4:31  Pylon  
  38  4:33  Gateway x2  
  38  4:34  Probe, Gateway  
  38  4:35  Gateway, Probe  
  38  4:38  Sentry  
  40  4:54  Probe  
  40  4:56  Probe  
  42  5:06  Sentry  
  35  5:38  Zealot  
  35  5:39  Zealot x3  
  43  6:02  Cybernetics Core  
  43  6:08  Cybernetics Core  
  43  6:22  Pylon  
  43  6:23  Zealot x3  
  43  6:24  Pylon  
  43  6:25  Pylon  
  45  6:34  Probe  
  45  6:35  Probe  
  47  6:40  Pylon  
  47  6:44  Zealot x2  
  47  6:45  Zealot x5  
  61  6:48  Probe  
  61  6:52  Robotics Facility  
  62  7:02  Probe  
  62  7:04  Probe  
  62  7:06  Zealot  
  62  7:07  Zealot x3  
  72  7:10  Sentry  
  74  7:33  Pylon  
  64  7:49  Immortal  
  66  7:53  Probe x2  
  66  7:54  Robotics Facility  
  68  8:00  Assimilator  
  68  8:02  Pylon  
  68  8:04  Stalker  
  72  8:06  Pylon  
  70  8:12  Charge (Chrono Boost)  
  70  8:20  Stalker  
  70  8:21  Stalker x2  
  76  8:28  Immortal (Chrono Boost)  
  80  8:42  Sentry  
  80  8:43  Sentry x4  
  80  8:46  Nexus  
  80  8:47  Pylon  
  90  8:52  Pylon  
  94  9:02  Immortal (Chrono Boost)  
  94  9:05  Probe x2  
  96  9:17  Probe x2  
  96  9:23  Stalker x2  
  102  9:29  Probe  
  103  9:34  Probe  
  104  9:38  Stalker  
  104  9:39  Stalker  
  104  9:41  Probe  
  109  9:47  Probe, Robotics Bay  
  110  10:02  Stargate  
  110  10:04  Stargate  
  110  10:08  Pylon  
  110  10:14  Pylon  
  110  10:18  Dark Shrine  
  104  10:24  Stalker x3  
  105  10:46  Phoenix (Chrono Boost)  
  105  10:47  Phoenix (Chrono Boost)  
  109  11:00  Assimilator x2  
  109  11:13  Phoenix (Chrono Boost)  
  111  11:22  Stalker x2  
  115  11:26  Probe  
  115  11:28  Probe x2  
  115  11:32  Dark Templar  
  105  11:51  Dark Shrine  
  102  12:14  Observer x2  
  102  12:15  Probe  
  104  12:17  Probe x2  
  107  12:26  Probe  
  107  12:29  Probe x2  
  110  12:36  Probe  
  110  12:41  Probe  
  112  12:53  Stalker  
  112  12:54  Stalker x3  
Tags
 
Add a new tag
Caveats
  • Supply blocks, unpowered buildings, or Contaminate may cause inaccurate times.
  • Supply counts are checked every 10 seconds.